| TOP OF THE 1ST |
|
Knoxville Blue Jays batting - Pitching for Savannah Indians : LHP Dennis Rasmussen
|
|
Pitching: LHP Dennis Rasmussen
|
|
|
Batting: RHB Alex Taveras
|
0-0: Ball 1-0: Ball 2-0: Ground out 5-3 (Groundball, 56, EV 92.5 MPH)
|
|
Batting: RHB Alex Villalobos
|
0-0: Ball 1-0: Fly out, F9 (Flyball, 89M, EV 77.5 MPH)
|
|
Batting: RHB Fritzie Connally
|
0-0: Swinging Strike 0-1: Ball 1-1: Foul Ball, location: 2F 1-2: Strikes out swinging
|
| Top of the 1st over - 0 runs, 0 hits, 0 errors, 0 left on base; Knoxville 0 - Savannah 0 |
| BOTTOM OF THE 1ST |
|
Savannah Indians batting - Pitching for Knoxville Blue Jays : RHP Dan Greenhalgh
|
|
Pitching: RHP Dan Greenhalgh
|
|
|
Batting: RHB Angel Salazar
|
0-0: Ball 1-0: Ball 2-0: Called Strike 2-1: Fly out, F9 (Flyball, 9LD, EV 93.1 MPH)
|
|
Batting: LHB Kelvin Torve
|
0-0: Ball 1-0: Ball 2-0: Ground out U3 (Groundball, 3, EV 105.6 MPH)
|
|
Batting: RHB Jim Paciorek
|
0-0: Ground out 4-3 (Groundball, 4, EV 85.0 MPH)
|
| Bottom of the 1st over - 0 runs, 0 hits, 0 errors, 0 left on base; Knoxville 0 - Savannah 0 |
| TOP OF THE 2ND |
|
Knoxville Blue Jays batting - Pitching for Savannah Indians : LHP Dennis Rasmussen
|
|
Batting: RHB Jose Canseco
|
0-0: Ball 1-0: Ball 2-0: Ball 3-0: Called Strike 3-1: Base on Balls
|
|
Batting: RHB LaRue Washington
|
0-0: Ball 1-0: Swinging Strike 1-1: Called Strike 1-2: Foul Ball, location: 2F 1-2: Fly out, F9 (Flyball, 89D, EV 88.8 MPH)
|
|
Batting: LHB Paul O'Neill
|
0-0: Ball 1-0: Swinging Strike 1-1: Ball 2-1: Swinging Strike 2-2: Foul Ball, location: 2F 2-2: Strikes out swinging
|
|
Batting: RHB Brian Asselstine
|
0-0: SINGLE (Flyball, 5D, EV 93.8 MPH) Jose Canseco to second
|
|
Batting: RHB Jerry Royster
|
0-0: Ground out U3 (Groundball, 13, EV 82.5 MPH)
|
| Top of the 2nd over - 0 runs, 1 hit, 0 errors, 2 left on base; Knoxville 0 - Savannah 0 |
| BOTTOM OF THE 2ND |
|
Savannah Indians batting - Pitching for Knoxville Blue Jays : RHP Dan Greenhalgh
|
|
Batting: RHB Wade Rowdon
|
0-0: Ball 1-0: Ball 2-0: Called Strike 2-1: Ground out 5-3 (Groundball, 5, EV 105.0 MPH)
|
|
Batting: RHB Ramiro Gutierrez
|
0-0: Called Strike 0-1: Foul Ball, location: 2F 0-2: Ball 1-2: SINGLE (Flyball, 4D, EV 88.8 MPH)
|
|
Batting: RHB Eddie Vargas
|
0-0: Foul Ball, location: 2F 0-1: Called Strike 0-2: Strikes out looking
|
|
Batting: LHB Albert Castillo
|
0-0: Swinging Strike 0-1: Swinging Strike 0-2: Ball 1-2: Strikes out swinging
|
| Bottom of the 2nd over - 0 runs, 1 hit, 0 errors, 1 left on base; Knoxville 0 - Savannah 0 |
| TOP OF THE 3RD |
|
Knoxville Blue Jays batting - Pitching for Savannah Indians : LHP Dennis Rasmussen
|
|
Batting: RHB Rick Sweet
|
0-0: Ball 1-0: Fly out, F6 (Popup, 56D, EV 65.6 MPH)
|
|
Batting: RHB Alex Taveras
|
0-0: Ball 1-0: Called Strike 1-1: Called Strike 1-2: Ball 2-2: Ground out 5-3 (Groundball, 15, EV 90.6 MPH)
|
|
Batting: RHB Alex Villalobos
|
0-0: Foul Ball, location: 2F 0-1: Ball 1-1: Called Strike 1-2: Ball 2-2: Reached on error, E4 (Groundball, 4, EV 78.1 MPH)
|
|
Batting: RHB Fritzie Connally
|
0-0: Ball 1-0: Called Strike 1-1: Ball 2-1: Swinging Strike 2-2: Foul Ball, location: 2F 2-2: SINGLE (Groundball, 6D, EV 96.3 MPH) Alex Villalobos to second
|
|
Batting: RHB Jose Canseco
|
0-0: Swinging Strike 0-1: Called Strike 0-2: Ball 1-2: Strikes out swinging
|
| Top of the 3rd over - 0 runs, 1 hit, 1 error, 2 left on base; Knoxville 0 - Savannah 0 |
| BOTTOM OF THE 3RD |
|
Savannah Indians batting - Pitching for Knoxville Blue Jays : RHP Dan Greenhalgh
|
|
Batting: RHB Mario Diaz
|
0-0: Ground out 4-3 (Groundball, 4, EV 87.5 MPH)
|
|
Batting: RHB Dan Plante
|
0-0: Fly out, F8 (Flyball, 89D, EV 91.3 MPH)
|
|
Batting: RHB Angel Salazar
|
0-0: Called Strike 0-1: Called Strike 0-2: Ball 1-2: Fly out, F3 (Popup, 3L, EV 61.9 MPH)
|
| Bottom of the 3rd over - 0 runs, 0 hits, 0 errors, 0 left on base; Knoxville 0 - Savannah 0 |
| TOP OF THE 4TH |
|
Knoxville Blue Jays batting - Pitching for Savannah Indians : LHP Dennis Rasmussen
|
|
Batting: RHB LaRue Washington
|
0-0: Called Strike 0-1: Ball 1-1: Called Strike 1-2: Fly out, F8 (Line Drive, 8LD, EV 93.1 MPH)
|
|
Batting: LHB Paul O'Neill
|
0-0: Ball 1-0: Called Strike 1-1: Foul Ball, location: 2F 1-2: Foul Ball, location: 2F 1-2: Ball 2-2: Foul Ball, location: 2F 2-2: Ball 3-2: SINGLE (Line Drive, 8RS, EV 97.5 MPH)
|
|
Batting: RHB Brian Asselstine
|
0-0: Swinging Strike 0-1: Ball 1-1: Ball 2-1: Foul Ball, location: 2F 2-2: Foul Ball, location: 2F 2-2: SINGLE (Line Drive, 5D, EV 106.3 MPH) Paul O'Neill to second
|
|
Batting: RHB Jerry Royster
|
0-0: Called Strike 0-1: Ball 1-1: Ball 2-1: Fly out, F8 (Flyball, 78M, EV 93.1 MPH)
|
|
Batting: RHB Rick Sweet
|
0-0: Ball 1-0: Foul Ball, location: 2F 1-1: DOUBLE (Line Drive, 3D, EV 108.1 MPH) Paul O'Neill scores Brian Asselstine to third Runner from 3rd tries for Home, SAFE, no throw by RF
|
|
Batting: RHB Alex Taveras
|
0-0: Ball 1-0: Foul Ball, location: 2F 1-1: Ball 2-1: Ball 3-1: Called Strike 3-2: Foul Ball, location: 2F 3-2: Foul Ball, location: 2F 3-2: Fly out, F7 (Flyball, 7LD, EV 86.3 MPH)
|
| Top of the 4th over - 2 runs, 3 hits, 0 errors, 1 left on base; Knoxville 2 - Savannah 0 |
| BOTTOM OF THE 4TH |
|
Savannah Indians batting - Pitching for Knoxville Blue Jays : RHP Dan Greenhalgh
|
|
Batting: LHB Kelvin Torve
|
0-0: Called Strike 0-1: TRIPLE (Flyball, 89XD, EV 101.3 MPH)
|
|
Batting: RHB Jim Paciorek
|
0-0: Swinging Strike 0-1: Ball 1-1: Ball 2-1: Ball 3-1: Fly out, F8 (Flyball, 78D, EV 106.9 MPH) Runner from 3rd tags up, SCORES, throw by CF
|
|
Batting: RHB Wade Rowdon
|
0-0: Ball 1-0: Called Strike 1-1: Called Strike 1-2: Ball 2-2: Foul Ball, location: 2F 2-2: Ball 3-2: Foul Ball, location: 2F 3-2: Strikes out looking
|
|
Batting: RHB Ramiro Gutierrez
|
0-0: Foul Ball, location: 2F 0-1: Swinging Strike 0-2: DOUBLE (Flyball, 78XD, EV 95.0 MPH)
|
|
Batting: RHB Eddie Vargas
|
0-0: Ball 1-0: Ball 2-0: Ball 3-0: Base on Balls
|
|
Batting: LHB Albert Castillo
|
0-0: Ball 1-0: Called Strike 1-1: Foul Ball, location: 2F 1-2: Fly out, F8 (Flyball, 8RD, EV 91.9 MPH)
|
| Bottom of the 4th over - 1 run, 2 hits, 0 errors, 2 left on base; Knoxville 2 - Savannah 1 |
| TOP OF THE 5TH |
|
Knoxville Blue Jays batting - Pitching for Savannah Indians : LHP Dennis Rasmussen
|
|
Batting: RHB Alex Villalobos
|
0-0: Called Strike 0-1: Called Strike 0-2: Strikes out looking
|
|
Batting: RHB Fritzie Connally
|
0-0: Ball 1-0: Called Strike 1-1: Swinging Strike 1-2: Foul Ball, location: 2F 1-2: Foul Ball, location: 2F 1-2: Strikes out swinging
|
|
Batting: RHB Jose Canseco
|
0-0: Ball 1-0: Foul Ball, location: 2F 1-1: Ball 2-1: Ball 3-1: Fly out, F7 (Flyball, 7LS, EV 89.4 MPH)
|
| Top of the 5th over - 0 runs, 0 hits, 0 errors, 0 left on base; Knoxville 2 - Savannah 1 |
| BOTTOM OF THE 5TH |
|
Savannah Indians batting - Pitching for Knoxville Blue Jays : RHP Dan Greenhalgh
|
|
Batting: RHB Mario Diaz
|
0-0: Called Strike 0-1: Fly out, F9 (Flyball, 89M, EV 93.1 MPH)
|
|
Batting: RHB Dan Plante
|
0-0: Ball 1-0: Ball 2-0: Ball 3-0: Called Strike 3-1: Foul Ball, location: 2F 3-2: Fly out, F9 (Flyball, 9LM, EV 99.4 MPH)
|
|
Batting: RHB Angel Salazar
|
0-0: Called Strike 0-1: TRIPLE (Flyball, 78XD, EV 88.1 MPH)
|
|
Batting: LHB Kelvin Torve
|
0-0: Called Strike 0-1: Ball 1-1: Foul Ball, location: 2F 1-2: Foul Ball, location: 2F 1-2: Foul Ball, location: 2F 1-2: Fly out, F8 (Flyball, 8RXD, EV 98.8 MPH)
|
| Bottom of the 5th over - 0 runs, 1 hit, 0 errors, 1 left on base; Knoxville 2 - Savannah 1 |
| TOP OF THE 6TH |
|
Knoxville Blue Jays batting - Pitching for Savannah Indians : LHP Dennis Rasmussen
|
|
Batting: RHB LaRue Washington
|
0-0: Called Strike 0-1: Ball 1-1: Foul Ball, location: 2F 1-2: Ball 2-2: Ball 3-2: Foul Ball, location: 2F 3-2: Fly out, F5 (Popup, 25F, EV 92.5 MPH)
|
|
Batting: LHB Paul O'Neill
|
0-0: Ball 1-0: Ball 2-0: Ball 3-0: Called Strike 3-1: Base on Balls
|
|
Batting: RHB Brian Asselstine
|
0-0: Ball 1-0: SINGLE (Groundball, 56S, EV 72.5 MPH) (infield hit) Paul O'Neill to second
|
|
Batting: RHB Jerry Royster
|
0-0: SINGLE (Groundball, 6MD, EV 96.3 MPH) Paul O'Neill to third Brian Asselstine to second
|
|
Batting: RHB Rick Sweet
|
0-0: Ball 1-0: SINGLE (Line Drive, 8LS, EV 107.5 MPH) Paul O'Neill scores Brian Asselstine to third Jerry Royster to second Runner from 3rd tries for Home, throw by CF and OUT! 8-2
|
|
Batting: RHB Alex Taveras
|
0-0: Ball 1-0: Fielders Choice at 2nd, 5-4 (Groundball, 56, EV 85.0 MPH)
|
| Top of the 6th over - 1 run, 3 hits, 0 errors, 2 left on base; Knoxville 3 - Savannah 1 |
| BOTTOM OF THE 6TH |
|
Savannah Indians batting - Pitching for Knoxville Blue Jays : RHP Dan Greenhalgh
|
|
Batting: RHB Jim Paciorek
|
0-0: Ball 1-0: Ball 2-0: Called Strike 2-1: Called Strike 2-2: Ball 3-2: Base on Balls
|
|
Batting: RHB Wade Rowdon
|
0-0: Ball 1-0: Ball 2-0: Swinging Strike 2-1: Ball 3-1: Base on Balls Jim Paciorek to second
|
|
Batting: RHB Ramiro Gutierrez
|
Balk! Jim Paciorek to third Wade Rowdon to second 0-0: Ball 1-0: Called Strike 1-1: Ball 2-1: Fly out, F7 (Flyball, 7S, EV 79.4 MPH)
|
|
Batting: RHB Eddie Vargas
|
0-0: Ball Wild Pitch! Jim Paciorek scores Wade Rowdon to third 1-0: Ball 2-0: Called Strike 2-1: Called Strike 2-2: Foul Ball, location: 2F 2-2: Ground out 5-3 (Groundball, 56S, EV 81.3 MPH)
|
|
Batting: LHB Albert Castillo
|
0-0: Swinging Strike 0-1: SINGLE (Groundball, 4MS, EV 56.9 MPH) (infield hit) Wade Rowdon scores
|
|
Batting: RHB Mario Diaz
|
0-0: Called Strike 0-1: Called Strike 0-2: Foul Ball, location: 2F 0-2: Ground out 4-3 (Groundball, 4, EV 91.3 MPH)
|
| Bottom of the 6th over - 2 runs, 1 hit, 0 errors, 1 left on base; Knoxville 3 - Savannah 3 |
| TOP OF THE 7TH |
|
Knoxville Blue Jays batting - Pitching for Savannah Indians : LHP Dennis Rasmussen
|
|
Batting: RHB Alex Villalobos
|
0-0: Swinging Strike 0-1: Called Strike 0-2: Foul Ball, location: 2F 0-2: Ball 1-2: Ball 2-2: Ground out 6-3 (Groundball, 6S, EV 77.5 MPH)
|
|
Batting: RHB Fritzie Connally
|
0-0: Called Strike 0-1: Foul Ball, location: 2F 0-2: Ball 1-2: Ground out U3 (Groundball, 3, EV 76.9 MPH)
|
|
Batting: RHB Jose Canseco
|
0-0: Ball 1-0: Swinging Strike 1-1: Called Strike 1-2: Strikes out looking
|
| Top of the 7th over - 0 runs, 0 hits, 0 errors, 0 left on base; Knoxville 3 - Savannah 3 |
| BOTTOM OF THE 7TH |
|
Savannah Indians batting - Pitching for Knoxville Blue Jays : RHP Dan Greenhalgh
|
|
Batting: RHB Dan Plante
|
0-0: Called Strike 0-1: Foul Ball, location: 2F 0-2: Ball 1-2: Ball 2-2: Ball 3-2: Base on Balls
|
|
Batting: RHB Angel Salazar
|
0-0: Foul Ball, location: 2F 0-1: Ball 1-1: Ball 2-1: Grounds into double play, 5-4-3 (Groundball, 5L, EV 80.6 MPH)
|
|
Batting: LHB Kelvin Torve
|
0-0: Called Strike 0-1: Ball 1-1: Ground out 5-3 (Groundball, 56S, EV 85.0 MPH)
|
| Bottom of the 7th over - 0 runs, 0 hits, 0 errors, 0 left on base; Knoxville 3 - Savannah 3 |
| TOP OF THE 8TH |
|
Knoxville Blue Jays batting - Pitching for Savannah Indians : LHP Dennis Rasmussen
|
|
Batting: RHB LaRue Washington
|
0-0: Ball 1-0: Called Strike 1-1: Called Strike 1-2: Ball 2-2: Strikes out swinging
|
|
Batting: LHB Paul O'Neill
|
0-0: Fly out, F4 (Popup, 4S, EV 82.5 MPH)
|
|
Batting: RHB Brian Asselstine
|
0-0: Swinging Strike 0-1: Ball 1-1: Ground out 6-3 (Groundball, 6D, EV 102.5 MPH)
|
| Top of the 8th over - 0 runs, 0 hits, 0 errors, 0 left on base; Knoxville 3 - Savannah 3 |
| BOTTOM OF THE 8TH |
|
Savannah Indians batting - Pitching for Knoxville Blue Jays : RHP Dan Greenhalgh
|
|
Batting: RHB Jim Paciorek
|
0-0: Ball 1-0: Ball 2-0: Ball 3-0: Called Strike 3-1: Ground out 6-3 (Groundball, 6, EV 98.1 MPH)
|
|
Batting: RHB Wade Rowdon
|
0-0: Called Strike 0-1: Called Strike 0-2: Strikes out swinging
|
|
Batting: RHB Ramiro Gutierrez
|
0-0: Called Strike 0-1: Ground out 5-3 (Groundball, 56S, EV 70.0 MPH)
|
| Bottom of the 8th over - 0 runs, 0 hits, 0 errors, 0 left on base; Knoxville 3 - Savannah 3 |
| TOP OF THE 9TH |
|
Knoxville Blue Jays batting - Pitching for Savannah Indians : LHP Dennis Rasmussen
|
|
Pitching: RHP Jack Lazorko
|
|
|
Pinch Hitting: LHB Eddie Milner
|
0-0: Ball 1-0: SINGLE (Line Drive, 56D, EV 108.8 MPH)
|
|
Batting: RHB Rick Sweet
|
0-0: Ball 1-0: Called Strike Eddie Milner steals 2nd base (no throw) 1-1: Ball 2-1: Ball 3-1: Called Strike 3-2: Base on Balls
|
|
Batting: RHB Alex Taveras
|
0-0: Bunted foul 0-1: Sac Bunt to 15 - play at first, batter OUT! 1-4 Eddie Milner to third Rick Sweet to second
|
|
Batting: RHB Alex Villalobos
|
0-0: Called Strike 0-1: Fly out, F8 (Flyball, 8RD, EV 98.8 MPH) Runner from 3rd tags up, OUT at HOME! 8-2
|
| Top of the 9th over - 0 runs, 1 hit, 0 errors, 1 left on base; Knoxville 3 - Savannah 3 |
| BOTTOM OF THE 9TH |
|
Savannah Indians batting - Pitching for Knoxville Blue Jays : RHP Dan Greenhalgh
|
|
Now in RF: Eddie Milner
|
|
|
Batting: RHB Eddie Vargas
|
0-0: Called Strike 0-1: Foul Ball, location: 2F 0-2: Ball 1-2: Strikes out swinging
|
|
Batting: LHB Albert Castillo
|
0-0: Ball 1-0: Ball 2-0: Foul Ball, location: 2F 2-1: Foul Ball, location: 2F 2-2: Foul Ball, location: 2F 2-2: Strikes out swinging
|
|
Pinch Hitting: LHB Felix Agapay
|
0-0: Ball 1-0: Ball 2-0: Called Strike 2-1: Foul Ball, location: 2F 2-2: Ball 3-2: Fly out, F7 (Line Drive, 7, EV 98.1 MPH)
|
| Bottom of the 9th over - 0 runs, 0 hits, 0 errors, 0 left on base; Knoxville 3 - Savannah 3 |
| TOP OF THE 10TH |
|
Knoxville Blue Jays batting - Pitching for Savannah Indians : RHP Jack Lazorko
|
|
Now at 2B: Angelo Blake
|
|
|
Batting: RHB Fritzie Connally
|
0-0: Called Strike 0-1: Ball 1-1: Foul Ball, location: 2F 1-2: Ball 2-2: Foul Ball, location: 2F 2-2: Ball 3-2: Base on Balls
|
|
Batting: RHB Jose Canseco
|
0-0: Ball 1-0: Ball 2-0: Ball 3-0: Called Strike 3-1: Fly out, F7 (Flyball, 7LM, EV 86.9 MPH)
|
|
Batting: RHB LaRue Washington
|
0-0: Ball 1-0: Foul Ball, location: 2F 1-1: Foul Ball, location: 2F 1-2: Ball 2-2: Foul Ball, location: 2F 2-2: Ball 3-2: Base on Balls Fritzie Connally to second
|
|
Pinch Runner at 2nd Pat Rockett:
|
|
|
Batting: LHB Paul O'Neill
|
0-0: Ball 1-0: Ball 2-0: Ball 3-0: Called Strike 3-1: Fly out, F5 (Line Drive, 5, EV 68.8 MPH)
|
|
Batting: RHB Brian Asselstine
|
0-0: Foul Ball, location: 2F 0-1: Ball 1-1: Ball 2-1: Ball 3-1: Fielders Choice at 2nd, 6-4 (Groundball, 6, EV 91.3 MPH)
|
| Top of the 10th over - 0 runs, 0 hits, 0 errors, 2 left on base; Knoxville 3 - Savannah 3 |
| BOTTOM OF THE 10TH |
|
Savannah Indians batting - Pitching for Knoxville Blue Jays : RHP Dan Greenhalgh
|
|
Pitching: LHP Jeff Haines
|
|
|
Now at 2B: Pat Rockett
|
|
|
Batting: RHB Dan Plante
|
0-0: Ball 1-0: Ball 2-0: Ball 3-0: Base on Balls
|
|
Batting: RHB Angel Salazar
|
0-0: Ball 1-0: Called Strike 1-1: Ball 2-1: Foul Ball, location: 2F 2-2: Ball 3-2: Foul Ball, location: 2F 3-2: SINGLE (Line Drive, 7S, EV 106.9 MPH) Dan Plante to second
|
|
Batting: LHB Kelvin Torve
|
0-0: Foul Ball, location: 2F 0-1: Ball 1-1: Swinging Strike 1-2: Ball 2-2: Foul Ball, location: 2F 2-2: Foul Ball, location: 2F 2-2: Ball 3-2: Fielders Choice at 2nd, 3-6 (Groundball, 3, EV 84.4 MPH) Dan Plante to third
|
|
Batting: RHB Jim Paciorek
|
0-0: Ball 1-0: Called Strike 1-1: Ball 2-1: Called Strike 2-2: Ball 3-2: Foul Ball, location: 2F 3-2: Foul Ball, location: 2F 3-2: Base on Balls Kelvin Torve to second
|
|
Pitching: RHP Charles Beasley
|
|
|
Batting: RHB Wade Rowdon
|
0-0: Ball 1-0: Fly out, F8 (Flyball, 78M, EV 83.8 MPH) Runner from 3rd tags up, SCORES, throw by CF
|
| Bottom of the 10th over - 1 run, 1 hit, 0 errors, 0 left on base; Knoxville 3 - Savannah 4 |
|